Map: Abyssal Reef LE

Players

Juxtapose - Winner!

  • Race: Terran Terran
  • League: Gold
  • Spawn Location: 11:00

Wreckless

  • Race: Terran Terran
  • Spawn Location: 5:00

VOD

https://youtu.be/Vakemkp7B4Q

Description

Wreckless, aka Law212, recently picked up StarCraft II: Legacy of the Void and reached out to me to start learning Multiplayer. So we start with a best of three set in which I simply want to see how he does.

I need to watch the Replays themselves still so I can properly provide him with some tips to practice for our next set.

Time

  • Played on: Aug. 29, 2017, 9:15 p.m.
  • Length: 8:24
Show
View Real Time Build Order
Export as new Build Order

Juxtapose Terran - Winner!

Build Orders: MMM Bio 

Get SALT Encoding   

  12  0:01  SCV  
  13  0:13  SCV  
  14  0:22  Supply Depot  
  14  0:25  SCV  
  15  0:44  SCV  
  15  0:46  Barracks  
  16  0:56  SCV  
  17  1:01  Supply Depot  
  17  1:04  Refinery  
  17  1:08  SCV  
  18  1:13  Refinery  
  18  1:20  SCV  
  20  1:35  Orbital Command  
  19  1:44  Marine  
  20  2:02  Marine  
  20  2:05  Barracks, SCV  
  22  2:17  SCV  
  23  2:27  Supply Depot  
  23  2:30  Barracks Reactor  
  23  2:39  SCV  
  23  2:51  SCV  
  24  2:53  Factory  
  24  3:03  SCV  
  25  3:08  Command Center, Marine x2  
  25  3:09  Barracks Tech Lab  
  27  3:16  SCV  
  28  3:23  Engineering Bay  
  28  3:31  Supply Depot  
  28  3:32  Marine  
  29  3:47  Factory Tech Lab  
  29  3:50  Stimpack  
  29  3:52  Marine x2  
  29  3:53  Marine  
  32  3:56  Terran Infantry Weapons Level 1  
  32  4:10  Cyclone  
  32  4:13  Marine x2  
  32  4:14  Marauder  
  39  4:23  Missile Turret  
  39  4:31  Supply Depot  
  39  4:38  Missile Turret  
  39  4:41  Orbital Command  
  39  4:52  Marine x2  
  43  4:53  Marauder  
  43  4:54  Supply Depot  
  43  5:05  Cyclone  
  46  5:10  SCV  
  48  5:14  SCV  
  48  5:16  Marine x2  
  48  5:20  Marauder  
  52  5:22  SCV  
  52  5:26  SCV  
  54  5:34  SCV  
  55  5:38  SCV  
  55  5:39  Marine x2  
  58  5:44  Marauder  
  60  5:50  Terran Infantry Armor Level 1  
  60  5:51  Combat Shields  
  60  5:58  SCV x2  
  62  6:06  Starport  
  62  6:08  Marine  
  62  6:09  Marine  
  64  6:17  Refinery  
  65  6:18  SCV  
  65  6:21  Refinery, Marine  
  65  6:24  Siege Tank  
  69  6:26  Marine  
  69  6:30  SCV  
  71  6:39  Marauder  
  73  6:43  Starport  
  72  7:00  Starport Reactor  
  72  7:02  Marine  
  72  7:03  Marine  
  72  7:06  SCV  
  75  7:18  SCV  
  73  7:30  SCV  
  74  7:37  Marine x3  
  74  7:40  Starport Tech Lab  
  74  7:42  SCV  
  78  7:46  Supply Depot  
  78  7:54  Armory  
  78  8:07  SCV  
  78  8:10  Supply Depot  
Show
View Real Time Build Order
Export as new Build Order

Wreckless Terran 

Build Orders:  

Get SALT Encoding   

  12  0:12  Supply Depot  
  12  0:30  Refinery  
  12  0:50  Barracks  
  12  0:54  SCV  
  13  1:06  SCV  
  13  1:08  Refinery  
  14  1:19  SCV  
  14  1:24  Supply Depot  
  15  1:31  SCV  
  16  1:41  Marine  
  16  1:43  SCV  
  18  1:59  Marine  
  19  2:15  Supply Depot  
  19  2:17  Marine  
  19  2:21  Orbital Command  
  20  2:35  Marine  
  21  2:40  Supply Depot  
  21  2:53  Reaper  
  21  2:54  SCV  
  23  3:06  SCV  
  24  3:13  Engineering Bay  
  24  3:18  SCV  
  25  3:24  Supply Depot  
  25  3:25  Marine  
  26  3:42  Marine  
  27  3:50  Terran Infantry Weapons Level 1  
  27  4:00  Reaper  
  28  4:03  SCV  
  29  4:15  SCV  
  30  4:24  Factory  
  30  4:27  SCV  
  31  4:32  Marine  
  32  4:39  SCV  
  33  4:50  Marine  
  34  5:08  Marine  
  35  5:14  Command Center  
  35  5:26  Marine  
  36  5:35  Bunker  
  36  5:44  Marine  
  36  5:45  Terran Infantry Armor Level 1, Missile Turret  
  37  6:01  Marine  
  38  6:12  Barracks  
  38  6:14  Refinery  
  38  6:19  Marine  
  39  6:31  Supply Depot  
  39  6:35  Hellion  
  39  6:37  Marine  
  28  6:55  Marine  
  28  6:57  Hellion  
  26  7:13  Marine  
Tags
 
Composition
MMM Bio
League
Gold
Matchup
TvT
Race
Terran
Spawn Locations
Cross Positions
Add a new tag
Caveats
  • Supply blocks, unpowered buildings, or Contaminate may cause inaccurate times.
  • Supply counts are checked every 10 seconds.